Map: Galactic Process LE

Players

TCLegacy

  • Race: Protoss Protoss
  • League: Diamond

SubtleNL - Winner!

  • Race: Protoss Protoss
  • League: Master

VOD

Have the link to the VOD?

Description

Time

  • Played on: Oct. 23, 2016, 2:30 p.m.
  • Length: 12:15
Show
View Real Time Build Order
Export as new Build Order

TCLegacy Protoss 

Build Orders:  

Get SALT Encoding   

  12  0:01  Probe (Chrono Boost)  
  13  0:12  Probe (Chrono Boost)  
  14  0:19  Pylon  
  14  0:23  Probe (Chrono Boost)  
  15  0:37  Probe (Chrono Boost)  
  15  0:41  Gateway  
  16  0:45  Assimilator  
  16  0:48  Probe (Chrono Boost)  
  17  0:54  Assimilator  
  17  0:58  Probe (Chrono Boost)  
  18  1:10  Pylon  
  18  1:13  Probe (Chrono Boost)  
  19  1:23  Probe (Chrono Boost)  
  20  1:30  Cybernetics Core  
  20  1:49  Gateway  
  20  1:51  Probe (Chrono Boost)  
  21  2:02  Probe (Chrono Boost)  
  21  2:06  Adept  
  22  2:08  Warp Gate  
  26  2:18  Mothership Core (Chrono Boost)  
  26  2:25  Pylon  
  26  2:31  Adept  
  26  2:36  Stalker  
  31  2:45  Probe (Chrono Boost)  
  31  2:55  Sentry  
  31  2:57  Probe (Chrono Boost)  
  33  3:14  Stargate  
  33  3:29  Stalker  
  33  3:32  Probe (Chrono Boost)  
  33  3:33  Stalker  
  38  3:38  Twilight Council  
  38  3:44  Probe (Chrono Boost)  
  37  4:04  Oracle  
  38  4:16  Blink  
  38  4:25  Nexus, Unknown  
  38  4:28  Pylon  
  38  4:32  Pylon  
  39  4:39  Probe (Chrono Boost)  
  39  4:44  Pylon  
  39  4:51  Probe (Chrono Boost)  
  40  4:56  Stalker  
  39  5:26  Probe (Chrono Boost)  
  39  5:27  Void Ray  
  39  5:28  Stalker x2  
  48  5:36  Unknown  
  48  5:38  Probe x2 (Chrono Boost)  
  50  5:49  Probe (Chrono Boost)  
  52  5:50  Probe (Chrono Boost), Gateway  
  51  6:05  Forge  
  51  6:08  Probe (Chrono Boost)  
  51  6:09  Probe (Chrono Boost)  
  53  6:17  Robotics Facility  
  52  6:18  Probe (Chrono Boost)  
  52  6:21  Probe (Chrono Boost)  
  45  6:30  Probe (Chrono Boost)  
  46  6:33  Probe (Chrono Boost)  
  46  6:35  Stalker  
  48  6:41  Probe (Chrono Boost)  
  48  6:42  Photon Cannon  
  48  6:45  Probe (Chrono Boost)  
  50  6:56  Probe (Chrono Boost), Photon Cannon  
  50  6:58  Probe (Chrono Boost)  
  52  7:09  Photon Cannon  
  52  7:11  Probe (Chrono Boost)  
  52  7:12  Probe (Chrono Boost)  
  54  7:16  Observer  
  54  7:22  Probe (Chrono Boost)  
  56  7:25  Probe (Chrono Boost)  
  56  7:27  Stalker  
  59  7:32  Probe (Chrono Boost)  
  59  7:34  Sentry  
  59  7:35  Sentry  
  59  7:37  Probe (Chrono Boost)  
  65  7:53  Stalker  
  67  8:01  Templar Archives  
  67  8:03  Probe (Chrono Boost)  
  67  8:04  Probe (Chrono Boost)  
  69  8:05  Assimilator  
  69  8:07  Assimilator  
  69  8:13  Probe (Chrono Boost)  
  69  8:16  Probe (Chrono Boost)  
  70  8:29  Warp Prism  
  70  8:30  Mothership Core (Chrono Boost)  
  70  8:32  Stalker x2  
  78  8:35  Nexus, Unknown  
  78  8:39  Pylon  
  78  8:41  Pylon  
  78  8:42  Pylon  
  73  9:04  High Templar x2  
  77  9:13  Archon  
  77  9:16  Stalker  
  79  9:18  Probe (Chrono Boost)  
  79  9:19  Probe (Chrono Boost)  
  81  9:28  Probe (Chrono Boost)  
  83  9:31  Probe (Chrono Boost)  
  83  9:39  Zealot x3  
  83  9:43  Pylon  
  83  9:44  Pylon  
  89  9:47  Unknown  
  89  9:51  Immortal  
  87  10:04  Gateway  
  87  10:06  Gateway  
  87  10:08  Gateway  
  87  10:10  Gateway  
  87  10:11  Gateway  
  87  10:12  Photon Cannon  
  87  10:14  Photon Cannon  
  87  10:16  Photon Cannon  
  77  10:34  Probe x2 (Chrono Boost)  
  77  10:35  Probe (Chrono Boost)  
  80  10:40  High Templar x3  
  86  10:44  Probe (Chrono Boost)  
  86  10:46  Archon  
  86  10:47  Probe (Chrono Boost)  
  88  10:54  Pylon  
  88  10:56  Probe x2 (Chrono Boost)  
  90  10:59  Probe (Chrono Boost)  
  91  11:06  Probe (Chrono Boost)  
  91  11:07  High Templar x3  
  91  11:08  High Templar x2  
  102  11:12  Archon  
  102  11:13  Archon x2  
  102  11:22  Assimilator  
  102  11:23  Probe x2 (Chrono Boost), Assimilator  
  102  11:24  Probe (Chrono Boost)  
  105  11:33  Probe x2 (Chrono Boost)  
  105  11:36  Probe (Chrono Boost)  
  108  11:44  Probe (Chrono Boost)  
  108  11:45  Dark Shrine  
  94  11:59  Zealot x4  
  94  12:00  Zealot x4  
Show
View Real Time Build Order
Export as new Build Order

SubtleNL Protoss - Winner!

Build Orders: Phoenix Opening 

Get SALT Encoding   

  12  0:01  Probe (Chrono Boost)  
  13  0:11  Probe (Chrono Boost)  
  14  0:18  Pylon  
  14  0:22  Probe (Chrono Boost)  
  15  0:36  Probe (Chrono Boost)  
  15  0:38  Gateway  
  16  0:46  Probe (Chrono Boost)  
  16  0:48  Assimilator  
  17  0:57  Probe (Chrono Boost)  
  17  0:59  Assimilator  
  18  1:08  Probe (Chrono Boost)  
  19  1:18  Probe (Chrono Boost)  
  20  1:28  Cybernetics Core  
  20  1:29  Probe (Chrono Boost)  
  22  1:40  Probe (Chrono Boost)  
  22  1:50  Probe (Chrono Boost)  
  22  1:53  Pylon  
  23  2:05  Warp Gate  
  23  2:07  Stalker  
  23  2:14  Mothership Core (Chrono Boost)  
  27  2:31  Stargate  
  27  2:33  Stalker  
  28  2:37  Probe (Chrono Boost)  
  28  2:41  Pylon  
  30  2:50  Probe (Chrono Boost)  
  31  3:06  Nexus, Unknown  
  31  3:10  Probe (Chrono Boost), Stalker  
  34  3:16  Phoenix  
  36  3:27  Pylon  
  36  3:31  Probe (Chrono Boost)  
  38  3:42  Phoenix  
  38  3:43  Probe (Chrono Boost)  
  40  3:55  Probe (Chrono Boost)  
  39  4:04  Phoenix  
  39  4:07  Probe (Chrono Boost)  
  42  4:11  Gateway  
  42  4:17  Stargate  
  42  4:18  Unknown  
  42  4:19  Probe (Chrono Boost)  
  42  4:21  Probe (Chrono Boost)  
  44  4:30  Assimilator  
  45  4:31  Probe (Chrono Boost)  
  45  4:32  Probe (Chrono Boost)  
  45  4:35  Phoenix  
  48  4:43  Probe (Chrono Boost)  
  48  4:44  Probe (Chrono Boost)  
  50  4:54  Forge  
  50  4:55  Probe (Chrono Boost)  
  50  4:58  Probe (Chrono Boost)  
  52  5:01  Phoenix  
  52  5:04  Pylon  
  54  5:13  Probe (Chrono Boost)  
  53  5:20  Probe (Chrono Boost)  
  52  5:25  Probe (Chrono Boost)  
  52  5:27  Phoenix  
  55  5:30  Probe (Chrono Boost)  
  56  5:36  Probe (Chrono Boost)  
  56  5:41  Probe (Chrono Boost)  
  58  5:42  Photon Cannon  
  58  5:48  Photon Cannon  
  59  5:50  Probe (Chrono Boost)  
  59  5:58  Probe (Chrono Boost)  
  59  6:00  Probe (Chrono Boost)  
  59  6:03  Pylon  
  61  6:08  Probe (Chrono Boost)  
  62  6:12  Phoenix  
  62  6:13  Phoenix  
  62  6:15  Probe (Chrono Boost)  
  67  6:27  Probe (Chrono Boost)  
  67  6:28  Probe (Chrono Boost)  
  67  6:31  Nexus, Unknown  
  69  6:38  Probe x2 (Chrono Boost)  
  71  6:42  Assimilator  
  71  6:43  Pylon  
  71  6:47  Robotics Facility  
  71  6:54  Probe x2 (Chrono Boost)  
  71  7:00  Pylon  
  71  7:03  Phoenix x2  
  71  7:05  Probe (Chrono Boost)  
  74  7:09  Probe (Chrono Boost)  
  74  7:14  Gateway  
  76  7:15  Probe (Chrono Boost)  
  76  7:16  Twilight Council  
  76  7:26  Probe (Chrono Boost)  
  76  7:27  Probe (Chrono Boost)  
  76  7:28  Phoenix  
  80  7:30  Stalker  
  80  7:33  Assimilator  
  80  7:36  Probe (Chrono Boost)  
  83  7:38  Assimilator  
  83  7:39  Probe (Chrono Boost)  
  83  7:42  Pylon  
  83  7:43  Unknown  
  84  7:45  Probe (Chrono Boost)  
  84  7:47  Probe (Chrono Boost)  
  84  7:50  Phoenix  
  84  7:51  Probe (Chrono Boost)  
  89  7:53  Observer  
  89  7:56  Probe (Chrono Boost)  
  91  7:59  Probe (Chrono Boost)  
  91  8:01  Templar Archives  
  91  8:02  Probe (Chrono Boost)  
  93  8:08  Charge  
  93  8:10  Probe (Chrono Boost)  
  93  8:11  Probe (Chrono Boost)  
  95  8:14  Gateway  
  95  8:15  Probe (Chrono Boost), Gateway  
  96  8:20  Gateway  
  96  8:21  Probe (Chrono Boost)  
  96  8:25  Probe (Chrono Boost)  
  98  8:29  Immortal  
  102  8:35  Zealot x2  
  102  8:37  High Templar  
  102  8:38  Pylon  
  108  8:43  Gateway  
  108  8:57  Zealot x2  
  108  9:00  Robotics Facility  
  108  9:02  Protoss Ground Weapons Level 1  
  112  9:09  Pylon  
  112  9:13  Zealot  
  112  9:16  Pylon, Immortal  
  118  9:25  High Templar x3  
  118  9:29  High Templar, Pylon  
  118  9:30  High Templar  
  118  9:31  Archon  
  128  9:32  Archon  
  128  9:34  Nexus, Unknown, Archon  
  128  9:35  High Templar, Pylon  
  128  9:38  Pylon  
  130  9:58  High Templar  
  130  9:59  High Templar x3  
  138  10:03  Gateway, Immortal, Warp Prism  
  144  10:09  Zealot x3  
  150  10:25  Archon x2  
  150  10:37  Zealot  
  150  10:38  Zealot x6  
  164  10:45  Probe (Chrono Boost)  
  164  10:46  Probe (Chrono Boost), Unknown, Immortal  
  164  10:48  Probe (Chrono Boost)  
  171  10:51  Immortal  
  175  10:59  Gateway  
  175  11:02  Zealot x2  
  179  11:06  Assimilator  
  179  11:11  Pylon  
  179  11:19  Assimilator  
  179  11:20  Photon Cannon  
  179  11:26  Pylon  
  179  11:30  Stalker x3  
  179  11:31  Stalker  
  187  11:50  Stalker x2  
  187  11:51  Stalker x2  
  173  12:11  Stalker x3  
  173  12:12  Stalker  
Tags
 
Add a new tag
Caveats
  • Supply blocks, unpowered buildings, or Contaminate may cause inaccurate times.
  • Supply counts are checked every 10 seconds.